 Dungeon Crawl Stone Soup version 0.24.0-125-gc4c63601f3 (webtiles) character file.

Game seed: 15302970117305052080, levelgen mode: deterministic

1898 hazymike the Spear-Bearer (level 9, -1/71 HPs)
             Began as a Merfolk Gladiator on Feb 17, 2020.
             Was an Initiate of Gozag.
             Slain by an orc warrior
             ... wielding a +0 short sword
              (8 damage)
             ... on level 6 of the Dungeon.
             The game lasted 00:45:48 (7776 turns).

hazymike the Spear-Bearer (Merfolk Gladiator)       Turns: 7776, Time: 00:45:48

Health: -1/71      AC: 13    Str: 17    XL:     9   Next: 15%
Magic:  9/9        EV: 11    Int:  7    God:    Gozag
Gold:   476        SH:  0    Dex: 20    Spells: 8/8 levels left

rFire    . . .     SeeInvis .   a - +0 trident
rCold    . . .     Gourm    .   (no shield)
rNeg     . . .     Faith    .   D - +0 chain mail
rPois    .         Spirit   .   c - +0 helmet
rElec    .         Reflect  .   u - +0 cloak
rCorr    .         Harm     .   G - +0 pair of gloves
MR       +....                  o - +1 pair of boots
Stlth    ..........             I - amulet of the acrobat
HPRegen  0.21/turn              x - +4 ring of dexterity
MPRegen  0.11/turn              m - ring of protection from magic

@: no status effects
A: change form in water, swift swim, stealthy swim
a: Potion Petition, Call Merchant, Bribe Branch, Renounce Religion


You were on level 6 of the Dungeon.
You worshipped Gozag.
Gozag was aware of your devotion.
You were not hungry.

You visited 1 branch of the dungeon, and saw 7 of its levels.
You also visited: Ossuary.

You collected 862 gold pieces.
You spent 312 gold pieces at shops.
You paid 74 gold pieces to Gozag.

Inventory:

Hand Weapons
 a - a +0 trident (weapon)
Missiles
 d - 3 throwing nets
 e - 302 stones (quivered)
Armour
 c - a +0 helmet (worn)
 o - a +1 pair of boots (worn)
 u - a +0 cloak (worn)
 D - a +0 chain mail (worn)
 G - a +0 pair of gloves (worn)
 H - a +0 shield
 K - a +0 plate armour
Jewellery
 m - a ring of protection from magic (right hand)
 t - an uncursed amulet of guardian spirit
 x - a +4 ring of dexterity (left hand)
 y - an uncursed ring of fire
 z - an uncursed ring of magical power
 F - an uncursed ring of flight
 I - an amulet of the acrobat (around neck)
Wands
 C - a wand of iceblast (7)
 J - a wand of disintegration (10)
Scrolls
 h - a scroll of fog {unknown}
 j - a scroll of magic mapping
 p - 5 scrolls of remove curse
 q - 3 scrolls of fear {unknown}
 r - 2 scrolls of noise {unknown}
 s - 2 scrolls of teleportation
 A - 2 scrolls of blinking {unknown}
 B - a scroll of vulnerability {unknown}
 E - a scroll of immolation {unknown}
Potions
 b - 2 potions of might {unknown}
 g - a potion of brilliance {unknown}
 i - a potion of flight {unknown}
 k - 3 potions of heal wounds {unknown}
 l - 4 potions of agility
 n - 4 potions of curing
 v - a potion of haste
 w - a potion of magic
Comestibles
 f - 8 rations


   Skills:
 + Level 6.6 Fighting
 * Level 12.1 Polearms
 - Level 2.0 Throwing
 + Level 1.1 Armour
 - Level 8.0 Dodging
 + Level 1.5 Shields


You had 8 spell levels left.
You didn't know any spells.
Your spell library was empty.

Dungeon Overview and Level Annotations

Branches:
Dungeon (7/15)            Ossuary (visited)
 Temple: D:4-7

Altars:
Gozag
Okawaru

Shops:
D:5 [

Annotations:
D:6 2 transporters, KeeTraxx's ghost, novice MiSu


Message History

* * * LOW HITPOINT WARNING * * *
You are too injured to fight recklessly!
You are too injured to fight recklessly!
Evoke which item? (* to show all) (? for menu, Esc to quit)
Attack whom?
Press: ? - help, Dir - move target cursor, f - orc warrior
Aim: an orc warrior, wielding a +0 short sword and wearing a +0 chain mail (almost dead)
You reach to attack!
You barely miss the orc warrior.
The orc warrior is almost dead.
You closely miss the orc warrior.
The orc warrior is almost dead.
The orc warrior hits you with a +0 short sword!
* * * LOW HITPOINT WARNING * * *
You hit the orc warrior but do no damage.
The orc warrior is severely wounded.
Your chain mail prevents you from hitting the orc warrior.
The orc warrior is severely wounded.
The orc warrior hits you with a +0 short sword!
You die...
Your body crumbles into a pile of gold.

#.########.#.# #.# #....
#.##.....#.#.# ###.######....
#.##.###.#.#.# #.......##....
#.##.# #.....# #.#.##.###....
#.##.###...#####.#.#.........
#.##..................#.###..
#.####.#..............#......
#####.####.###.#####.###..#..#...
................@o...# #..#..#.#.
#####.###.####.####..# #..#......
...................>.# #..##.#.#.
#####.####.###.####..# #..##.#.#.
#.##..........#.####..##.#.#.
#.##.#.###..###........#.#.#.
#####.##.#.###..###..#####.#.#.#.
.......#..........#..# #.#.#.#.
###........#####.##.<# #.#.#.#.


You could see an orc warrior.

Vanquished Creatures
  Sigmund (D:3)
  A hornet zombie (Ossuary)
  A sky beast (D:6)
  An ogre (D:6)
  An orc warrior (D:6)
  A phantom (D:4)
  A centaur (D:5)
  A water moccasin zombie (Ossuary)
  3 scorpions
  A howler monkey (D:5)
  A centaur zombie (Ossuary)
  2 bullfrog zombies (Ossuary)
  An orc priest (D:7)
  2 hounds
  4 orc wizards
  Jessica (D:3)
  A worker ant (D:5)
  3 killer bee zombies (Ossuary)
  10 mummies (Ossuary)
  A hound zombie (Ossuary)
  5 worker ant zombies
  Robin (D:3)
  2 howler monkey zombies
  10 adders
  3 gnolls (D:5)
  2 oozes (D:3)
  An adder skeleton (D:4)
  5 adder zombies (Ossuary)
  3 worms
  5 leopard geckos
  22 orcs
  3 bats
  9 giant cockroaches
  8 hobgoblins
  7 jackals
  4 quokkas
  3 ball pythons (D:1)
  5 frilled lizards
  A giant cockroach zombie (Ossuary)
  23 goblins
  11 kobolds
  2 leopard gecko zombies (Ossuary)
  A quokka zombie (Ossuary)
  7 rats
181 creatures vanquished.

Vanquished Creatures (others)
  A withered plant (Ossuary)
1 creature vanquished.

Grand Total: 182 creatures vanquished

Notes
Turn   | Place    | Note
-------+----------+-------------------------------------------
     0 | D:1      | hazymike the Merfolk Gladiator began the quest for the Orb.
     0 | D:1      | Reached XP level 1. HP: 16/16 MP: 1/1
    56 | D:1      | Reached XP level 2. HP: 23/23 MP: 2/2
   102 | D:1      | Reached skill level 5 in Polearms
   305 | D:1      | Reached XP level 3. HP: 28/28 MP: 3/3
  1266 | D:2      | Reached XP level 4. HP: 34/34 MP: 4/4
  1381 | D:2      | Reached skill level 6 in Polearms
  1541 | D:2      | Found an iron altar of Okawaru.
  1759 | D:3      | Noticed Sigmund
  1814 | D:3      | Reached skill level 5 in Dodging
  1829 | D:3      | Reached XP level 5. HP: 25/41 MP: 5/5
  2321 | D:3      | Reached skill level 7 in Polearms
  2561 | D:3      | Noticed Robin
  2580 | D:3      | Killed Robin
  2728 | D:3      | Noticed Jessica
  2741 | D:3      | Killed Jessica
  2741 | D:3      | Reached XP level 6. HP: 48/48 MP: 6/6
  2893 | D:3      | Killed Sigmund
  2893 | D:3      | Reached skill level 8 in Polearms
  3364 | D:3      | Reached XP level 7. HP: 55/55 MP: 7/7
  3897 | D:4      | Found an opulent altar of Gozag.
  4214 | D:4      | Reached skill level 9 in Polearms
  4394 | D:4      | Became a worshipper of Gozag Ym Sagoz the Greedy
  4425 | D:5      | Entered Level 5 of the Dungeon
  4506 | D:5      | Found Vuts's Antique Armour Shoppe.
  4551 | D:5      | Reached skill level 5 in Fighting
  4607 | D:5      | Found a sand-covered staircase.
  4614 | Ossuary  | Entered an ossuary
  4845 | Ossuary  | Reached XP level 8. HP: 61/62 MP: 8/8
  4894 | Ossuary  | Reached skill level 10 in Polearms
  5339 | Ossuary  | Reached skill level 11 in Polearms
  5980 | D:5      | Bought a pair of embroidered gloves for 195 gold pieces
  5980 | D:5      | Bought a shield for 117 gold pieces
  6743 | D:6      | Reached skill level 1 in Shields
  6743 | D:6      | Reached XP level 9. HP: 62/71 MP: 9/9
  6869 | D:6      | Found a transporter.
  6870 | D:6      | Found a transporter.
  6870 | D:6      | Noticed KeeTraxx's ghost (novice MiSu)
  7183 | D:6      | Reached skill level 12 in Polearms
  7183 | D:6      | Reached skill level 1 in Armour
  7683 | D:6      | HP: 2/71 [orc warrior/+0 short sword (10)]
  7776 | D:6      | Slain by an orc warrior

Levels and vault maps discovered:
D:1:      dpeg_arrival_tiny_d, layout_rooms, serial_glass, glass_columns_b,
          glass_columns_b
D:2:      layout_basic, okawaru_metal_pillars_1_2
D:3:      layout_basic, first_ration, uniq_jessica, uniq_robin, uniq_sigmund
D:4:      layout_basic, lemuel_doored_altar, columned_hall_lemuel
D:5:      layout_loops_ring, chequers_ossuary_entry_cave, serial_shops,
          shop_coins
D:6:      layout_basic, gammafunk_ghost_mausoleum
D:7:      layout_rooms, grunt_temple_overflow_cloverleaf,
          minmay_temple_entry_tees, serial_shops, shop, uniq_menkaure

Skill      XL: |  1  2  3  4  5  6  7  8  9 |
---------------+----------------------------+-----
Polearms       | 5 6 7 8 9 11 12 | 12.1
Fighting       | 3 4 5 6 |  6.6
Dodging        | 5 6 8 |  8.0
Shields        | 1 |  1.5
Armour         | 1 |  1.1
Throwing       | |  2.0

Action                   |  1- 3 |  4- 6 |  7- 9 || total
-------------------------+-------+-------+-------++-------
Melee: Trident           |    84 |   164 |   502 ||   750
Throw: Stone             |    59 |    94 |   101 ||   254
       Boomerang         |       |    28 |       ||    28
       Throwing net      |       |     1 |       ||     1
 Abil: Evoke Berserk Rag |       |     1 |     1 ||     2
  Use: Scroll            |       |     2 |    12 ||    14
       Potion            |       |       |     1 ||     1
 Stab: Distracted        |       |       |     2 ||     2
  Eat: Chunk             |     1 |     8 |     3 ||    12
       Ration            |       |       |     4 ||     4
Armor: Leather armour    |    12 |       |       ||    12
       Robe              |       |     3 |       ||     3
       Scale mail        |       |    36 |     5 ||    41
       Chain mail        |       |       |   110 ||   110
Dodge: Dodged            |    33 |    88 |   143 ||   264
